 Dungeon Crawl Stone Soup version 0.17.0-26-gececa24 (webtiles) character file.

132 inmateoo the Grave Robber (level 5, -4/26 HPs)
             Began as a Vine Stalker Necromancer on Nov 19, 2015.
             Killed by divine providence
             ... invoked by an orc priest
              (12 damage)
             ... on level 3 of the Dungeon.
             The game lasted 00:04:20 (1982 turns).

inmateoo the Grave Robber (VSNe)                    Turns: 1982, Time: 00:04:21

Health: -4/26      AC:  6    Str: 10    XL:     5   Next: 15%
Magic:  0/9        EV: 11    Int: 15    God:
Gold:   149        SH:  7    Dex: 16    Spells: 1 memorised, 7 levels left

rFire  . . .     SeeInvis .     e - +1 club
rCold  . . .     Clarity  .     i - +1 ring mail {rN+}
rNeg   + . .     SustAt   .     o - +0 shield
rPois  .         Gourm    .     (no helmet)
rElec  .         Spirit   +     (no cloak)
rCorr  .         Warding  .     (no gloves)
rMut   .         Stasis   .     (no boots)
MR     .....                    (no amulet)
Stlth  ++........               (no ring)
                                f - +3 ring of evasion

@: not resistant to hostile enchantments, unstealthy
A: fangs 2, regeneration 1, magic shield, antimagic bite, no device heal 3, rot
immunity
a: no special abilities


You were on level 3 of the Dungeon.
You were not hungry.

You visited 1 branch of the dungeon, and saw 3 of its levels.

You collected 149 gold pieces.

Inventory:

Hand Weapons
 e - a +1 club (weapon)
Armour
 i - a +1 ring mail of positive energy (worn)
 o - a +0 shield (worn)
Jewellery
 f - a +3 ring of evasion (left hand)
Scrolls
 h - a scroll of recharging {unknown}
 j - a scroll of teleportation
 k - a scroll of identify
Potions
 g - a potion of agility
 m - a potion of might
Books
 b - a book of Necromancy

   Spells                             Type                      Level
   a - Pain                           Necromancy                   1
   b - Animate Skeleton               Necromancy                   1
   c - Vampiric Draining              Necromancy                   3
   d - Regeneration                   Charms/Necromancy            3
   e - Animate Dead                   Necromancy                   4
   f - Control Undead                 Necromancy                   4
Comestibles
 a - a royal jelly
 c - a bread ration
 d - 2 meat rations
 l - 2 fruits
 n - 3 chunks of flesh


   Skills:
 + Level 2.2 Fighting
 + Level 1.0 Armour
 + Level 2.5 Dodging
 - Level 2.4 Stealth
 + Level 1.5 Shields
 - Level 1.1 Unarmed Combat
 - Level 2.1 Spellcasting
 - Level 4.0 Necromancy


You had 7 spell levels left.
You knew the following spells:

 Your Spells              Type           Power        Failure   Level  Hunger
a - Pain                  Necr           ##..         67%         1    #......


Dungeon Overview and Level Annotations

Branches:
Dungeon (3/15)

Altars:


Innate Abilities, Weirdness & Mutations

You have extremely sharp teeth.
Your natural rate of healing is unusually fast.
When hurt, damage is shared between your health and your magic reserves.
Your bite disrupts and absorbs the magic of your enemies.
Potions and wands cannot restore your health.
You are immune to rotting.


Message History

Something smites you!
You see here a spear.
You see here a hand axe.
The orc priest invokes the aid of Beogh against you.
Something smites you!
The orc priest calls down the wrath of Beogh upon you.
Something smites you!
* * * LOW HITPOINT WARNING * * *
A quokka comes into view.
You block the orc's attack.
You closely miss the rat. Your bite misses the rat. The orc closely misses you.
The rat closely misses you.
You hit the rat.
You kill the rat!
The orc hits you.
* * * LOW HITPOINT WARNING * * *
The orc hits you but does no damage.
The orc priest invokes the aid of Beogh against you.
Something smites you!
You die...

########.#########.###.##
.......................######
...####.##.#.####..#.#.......
#.# #.##.#.# #......######
#.####.##)#.####..#.#.#
#....#.##.#.[..<......#
#<##.#.....(.........##
.#####.##.#............#.######
......<##.####.#@###..........#
###.#####.####.#..........###.#
#...†........#or........# #.#
#######.######..........# #.#
#.# #..##...#.####.##
#########.######...........[...#
#.............###.##...#.####..#
#.# #####........o######.# #..#
#.#######.o##.###.# ##..#


You could see an orc priest, an orc and a quokka.

Vanquished Creatures
  An orc priest (D:3)
  3 adders
  5 worms
  A giant gecko (D:1)
  6 orcs
  2 ball pythons
  3 giant cockroaches
  9 hobgoblins
  7 kobolds
  10 bats
  4 goblins
  6 jackals (D:1)
  7 rats
64 creatures vanquished.

Notes
Turn   | Place    | Note
--------------------------------------------------------------
     0 | D:1      | inmateoo the Vine Stalker Necromancer began the quest for the Orb.
     0 | D:1      | Reached XP level 1. HP: 9/9 MP: 4/4
   135 | D:1      | Reached skill level 1 in Unarmed Combat
   212 | D:1      | Reached XP level 2. HP: 6/14 MP: 3/6
   397 | D:1      | Reached skill level 1 in Fighting
   568 | D:1      | Reached XP level 3. HP: 14/18 MP: 7/7
  1272 | D:2      | Reached XP level 4. HP: 14/23 MP: 5/8
  1544 | D:3      | Reached skill level 1 in Shields
  1733 | D:3      | HP: 1/23 [adder (3)]
  1742 | D:3      | Reached XP level 5. HP: 3/26 MP: 1/9
  1869 | D:3      | Reached skill level 1 in Armour
  1982 | D:3      | Killed from afar by an orc priest

Action                   |  1- 3 |  4- 6 || total
-------------------------+-------+-------++-------
Melee: Club              |   185 |   111 ||   296
       Unarmed           |     8 |       ||     8
 Cast: Pain              |    11 |     6 ||    17
  Use: Scroll            |       |     6 ||     6
       Potion            |       |     2 ||     2
 Stab: Sleeping          |     3 |     1 ||     4
  Eat: Chunk             |     1 |     4 ||     5
